 Dungeon Crawl Stone Soup version 0.29-a0-43-g62a80824bf (webtiles) character file.

Game seed: 18413025514360185637

60031 belegose the Fighter (level 14, -24/130 HPs)
             Began as a Minotaur Cinder Acolyte on Feb 2, 2022.
             Was a High Priest of Ignis.
             Annihilated by a white ugly thing (28 damage)
             ... on level 13 of the Dungeon.
             The game lasted 01:13:59 (32877 turns).

belegose the Fighter (Minotaur Cinder Acolyte)     Turns: 32877, Time: 01:14:00

Health: -24/130    AC: 14    Str: 20    XL:     14   Next: 55%
Magic:  14/14      EV: 13    Int: 11    God:    Ignis [*****.]
Gold:   1624       SH: 10    Dex: 10    Spells: 15/15 levels left

rFire   + . .      SeeInvis +   a - +10 morningstar "Eos" {elec, Halo rElec}
rCold   . . .      Faith    .   r - +0 kite shield
rNeg    + . .      Spirit   .   P - +0 troll leather armour
rPois   +          Reflect  .   (helmet restricted)
rElec   +          Harm     +   y - +0 cloak
rCorr   +          Rampage  .   j - +2 pair of gloves of the Blacksmith {Harm rPois rCorr}
Will    +....                   U - +2 pair of boots
Stlth   +.........              (no amulet)
HPRegen 1.11/turn               x - ring of positive energy
MPRegen 0.14/turn               e - ring of see invisible

@: rising, flying, glowing
A: horns 2, retaliatory headbutt
a: Renounce Religion, Fiery Armour, Foxfire Swarm


You were on level 13 of the Dungeon.
You worshipped Ignis.
Ignis was extremely pleased with you.
You visited 4 branches of the dungeon, and saw 23 of its levels.
You also visited: Ossuary and Bailey.

You collected 2181 gold pieces.
You spent 557 gold pieces at shops.

Inventory:

Hand Weapons
 a - the +10 morningstar "Eos" (weapon) {elec, Halo rElec}
   (You acquired it on level 5 of the Dungeon)

   It occasionally discharges a powerful burst of electricity upon striking a
   foe.
   It grants its wielder a halo, increasing accuracy against those within it.
   rElec:     It insulates you from electricity.
 b - a +3 scimitar of flaming
Missiles
 f - 8 curare-tipped darts
 p - 17 boomerangs
 A - 26 poisoned darts (quivered)
Armour
 j - the +2 pair of gloves of the Blacksmith (worn) {Harm rPois rCorr}
   (You bought it in a shop on level 2 of the Orcish Mines)

   rPois:     It protects you from poison.
   rCorr:     It protects you from acid and corrosion.
   Harm:      It increases damage dealt and taken.
 k - a +1 robe of willpower
 r - a +0 kite shield (worn)
 y - a +0 cloak (worn)
 J - a +0 plate armour
 P - a +0 troll leather armour (worn)
 U - a +2 pair of boots (worn)
Jewellery
 e - a ring of see invisible (right hand)
 x - a ring of positive energy (left hand)
 T - a ring of fire
Wands
 t - a wand of polymorph (12)
 N - a wand of paralysis (15)
 O - a wand of mindburst (6)
 R - a wand of charming (3)
 S - a wand of digging (8)
 V - a wand of flame (26)
 W - a wand of acid (9)
 Z - a wand of iceblast (4)
Scrolls
 c - 10 scrolls of teleportation
 d - 3 scrolls of magic mapping
 i - 2 scrolls of vulnerability {unknown}
 l - 4 scrolls of fog
 m - 2 scrolls of noise {unknown}
 n - 5 scrolls of fear
 s - 3 scrolls of blinking
 u - 2 scrolls of immolation {unknown}
 C - 3 scrolls of holy word
 D - a scroll of torment {unknown}
 Y - a scroll of summoning {unknown}
Potions
 h - a potion of resistance
 o - 3 potions of cancellation
 q - 8 potions of curing
 v - 2 potions of heal wounds
 z - 8 potions of lignification
 E - a potion of flight
 F - 3 potions of invisibility
 G - 4 potions of might
 K - 6 potions of magic
 L - 2 potions of haste
 M - 2 potions of mutation
 Q - a potion of ambrosia


   Skills:
 + Level 13.9 Fighting
 - Level 0.5 Short Blades
 + Level 13.8 Maces & Flails
 + Level 11.8 Throwing
 - Level 9.5 Armour
 - Level 8.6 Dodging
 + Level 9.1 Shields
 - Level 1.0 Spellcasting
 - Level 2.1 Fire Magic
 - Level 10.0 Evocations


You had 15 spell levels left.
You didn't know any spells.
Your spell library contained the following spells:

 Spells                   Type           Power      Damage    Failure   Level
 Scorch                   Fire           10%        2d6       47%         2
 Foxfire                  Conj/Fire      8%         2x1d4     50%         1
 Sandblast                Erth           0%         2d4       65%         1
 Shock                    Conj/Air       0%         1d3       65%         1
 Summon Small Mammal      Summ           0%         N/A       65%         1
 Passwall                 Tmut/Erth      0%         N/A       78%         2
 Conjure Flame            Conj/Fire      2%         6-21      86%         3
 Inner Flame              Hex/Fire       2%         N/A       86%         3
 Ignite Poison            Fire/Tmut/Pois 2%         N/A       89%         3
 Call Canine Familiar     Summ           0%         N/A       95%         3
 Confusing Touch          Hex            0%         N/A       95%         3
 Dazzling Flash           Conj/Hex       0%         N/A       95%         3
 Spider Form              Tmut/Pois      0%         N/A       95%         3
 Stone Arrow              Conj/Erth      0%         3d7       95%         3
 Summon Guardian Golem    Hex/Summ       0%         N/A       95%         3
 Swiftness                Air            0%         N/A       95%         3
 Flame Wave               Conj/Fire      2%         2d4       99%         4
 Sticky Flame             Conj/Fire      2%         2d3       99%         4
 Airstrike                Air            0%         N/A       100%        4
 Petrify                  Tmut/Erth      0%         N/A       100%        4
 Agony                    Necr           0%         N/A       100%        5
 Iskenderun's Battlesphe  Conj           0%         2d6       100%        5
 Silence                  Hex/Air        0%         N/A       100%        5
 Summon Forest            Summ/Tloc      0%         N/A       100%        5
 Summon Mana Viper        Hex/Summ       0%         N/A       100%        5
 Yara's Violent Unravell  Hex/Tmut       0%         3d3       100%        5
 Dispersal                Tloc           0%         N/A       100%        6
 Iron Shot                Conj/Erth      0%         9d1       100%        6
 Summon Cactus Giant      Summ           0%         N/A       100%        6
 Dragon Form              Tmut           0%         N/A       100%        7
 Enfeeble                 Hex            0%         N/A       100%        7
 Spellforged Servitor     Conj/Summ      0%         N/A       100%        7
 Disjunction              Tloc           0%         N/A       100%        8


Dungeon Overview and Level Annotations

Branches:
Dungeon (14/15)            Temple (1/1) D:4            Lair (6/6) D:10
 Shoals (0/4) Lair:2       Spider (0/4) Lair:4        Slime (0/5) Lair:5
    Orc (2/2) D:9             Elf (0/3) Orc:2        Vaults (0/5) D:14
Ossuary (visited)          Bailey (visited)

Altars:
Ashenzari
Cheibriados
Elyvilon
Fedhas
Gozag
Hepliaklqana
Kikubaaqudgha
Makhleb
Nemelex Xobeh
Okawaru
Qazlal
Ru
Sif Muna
Trog
Uskayaw
Vehumet
Wu Jian
Xom
Yredelemnul
Zin
The Shining One
Beogh
Jiyva

Shops:
D:5 ?   D:7 (   Orc:2 :?[(

Portals:
Abyss: Lair:6

Annotations:
D:14 Urug
Lair:5 1 runed translucent door
Lair:6 2 transporters, Josephine; crazypyro's ghost, journeyman MiFi


Innate Abilities, Weirdness & Mutations

You have a pair of horns on your head.
You reflexively headbutt those who attack you in melee.


Message History

Things that are here:
a +1 vampiric lajatang; a +0 robe You open the door. 6 white ugly things come into view.
The white ugly thing gurgles horribly! x4; You hear an angry buzzing noise.
A hornet comes into view.
The white ugly thing basks in the mutagenic energy from its kin and changes!
Found an ancient bone altar of Kikubaaqudgha.
Unknown command.
You block the white ugly thing's attack.
There is an open door here.
You hit the white ugly thing. You headbutt the white ugly thing!
The white ugly thing is moderately wounded.
The white ugly thing basks in the mutagenic energy from its kin and changes!
The white ugly thing engulfs you! The white ugly thing freezes you!!
Unknown command.
The white ugly thing basks in the mutagenic energy from its kin and changes!
The red ugly thing basks in the mutagenic energy from its kin and changes!
The human shouts!
The human misses you. You furiously retaliate!
You headbutt the human! You sock the human!
The human is severely wounded.
The white ugly thing kicks you. The white ugly thing freezes you!
You sock the human!
You kill the human!
The white ugly thing kicks you but does no damage.
The white ugly thing kicks you! The white ugly thing freezes you!!
* * * LOW HITPOINT WARNING * * *
There is a stone staircase leading up here.
You block the white ugly thing's attack.
The white ugly thing pecks you!
* * * LOW HITPOINT WARNING * * *
The white ugly thing freezes you!
* * * LOW HITPOINT WARNING * * *
You climb upwards.
There is a stone staircase leading down, spattered with blood here.
You begin to rise into the air.
The white ugly thing kicks you!
* * * LOW HITPOINT WARNING * * *
The white ugly thing freezes you!!
You die...

######## #..u@u.#
#.####.# ###
#######.####.#
..#####..........#.#
#.#.....#####.##.#.#
#.#.##### #.##.#>#
....# #......###
#..## ##.......#
[..# #....##.#


You could see 2 ugly things.

Vanquished Creatures
  Agnes (D:14)
  An orc warlord (Orc:2)
  Azrael (D:13)
  The ghost of blank1 the Fighter, a journeyman MiFi of Okawaru (D:9)
  8 hydras
  2 boulder beetles
  3 two-headed ogres
  3 orc high priests
  A glowing orange brain (shapeshifter) (D:13)
  A deep elf pyromancer (D:12)
  A wizard (D:14)
  An orc knight (Orc:2)
  6 orc sorcerers
  7 elephants
  4 cyclopes
  Joseph (D:7)
  A black mamba (Lair:4)
  A molten gargoyle (Lair:4)
  2 gargoyles
  10 cane toads
  8 komodo dragons
  2 rime drakes
  2 tengu conjurers (D:13)
  A freezing wraith (D:13)
  A polar bear (shapeshifter) (D:13)
  7 trolls
  12 polar bears
  A merfolk (Lair:2)
  5 hornets
  7 dream sheep
  11 blink frogs
  4 slime creatures
  14 spriggans (Lair:6)
  3 jumping spiders (Lair:4)
  A shadow (D:12)
  2 culicivoras (Lair:4)
  5 wraiths
  20 yaks
  3 basilisks
  A vampire (D:13)
  4 wyverns
  A fire elemental (D:13)
  A human (D:14)
  A steam dragon (D:8)
  5 wargs
  Menkaure (D:7)
  2 redbacks (Lair:4)
  An acid dragon (D:13)
  4 hell hounds
  12 water moccasins
  4 black bears
  27 orc warriors
  A sky beast (D:7)
  11 ogres
  27 wolves
  5 boggarts (Lair:6)
  3 centaurs
  A phantom (D:6)
  3 kobold brigands
  19 bullfrogs
  A scorpion (D:7)
  3 wights (D:8)
  3 electric eels (Lair:6)
  5 howler monkeys
  4 centaur zombies
  A jelly (D:7)
  5 hounds
  17 orc priests
  A centaur skeleton (D:7)
  3 gnoll shamans
  20 orc wizards
  3 iguanas
  5 hell rats (Lair:6)
  A scorpion zombie (D:5)
  A mummy (Ossuary)
  A howler monkey zombie (D:8)
  A howler monkey skeleton (D:7)
  11 gnolls
  7 adders
  2 white imps
  2 ufetubi (D:5)
  An adder skeleton (D:4)
  A worm (D:2)
  A dart slug (D:1)
  107 orcs
  2 spectral bats (Ossuary)
  6 ball pythons
  6 bats
  5 endoplasms
  2 giant cockroaches
  12 gnoll zombies (Ossuary)
  3 goblins
  6 hobgoblins
  7 quokkas
  4 bat simulacra (Ossuary)
  A frilled lizard (D:2)
  3 goblin simulacra (Ossuary)
  6 goblin zombies (Ossuary)
  2 hobgoblin zombies (Ossuary)
  24 kobolds
  3 kobold simulacra (Ossuary)
  5 kobold zombies (Ossuary)
  5 orc zombies (Ossuary)
  4 rats
  A rat simulacrum (Ossuary)
  3 spectral goblins (Ossuary)
  3 spectral kobolds (Ossuary)
  3 spectral rats (Ossuary)
622 creatures vanquished.

Vanquished Creatures (others)
  23 fungi
  45 plants
68 creatures vanquished.

Grand Total: 690 creatures vanquished

Notes
Turn   | Place    | Note
-------+----------+-------------------------------------------
     0 | D:1      | belegose the Minotaur Cinder Acolyte began the quest for
                  | the Orb.
     0 | D:1      | Reached XP level 1. HP: 19/19 MP: 1/1
   226 | D:1      | Reached XP level 2. HP: 23/27 MP: 2/2
   461 | D:1      | Reached skill level 1 in Armour
   759 | D:1      | Reached skill level 1 in Dodging
  1269 | D:2      | Reached XP level 3. HP: 33/33 MP: 3/3
  1620 | D:2      | Reached XP level 4. HP: 39/40 MP: 4/4
  2767 | D:3      | Found a faded altar of an unknown god.
  2767 | D:3      | Noticed a green death
  3084 | D:2      | Reached skill level 1 in Shields
  3085 | D:2      | Reached XP level 5. HP: 20/47 MP: 5/5
  3109 | D:3      | Reached skill level 1 in Throwing
  3784 | D:4      | Found a broken altar of Ashenzari.
  3784 | D:4      | Noticed an ogre
  3838 | D:4      | Killed an ogre
  3839 | D:4      | Reached skill level 5 in Fighting
  3839 | D:4      | Reached skill level 5 in Maces & Flails
  3839 | D:4      | Reached XP level 6. HP: 9/56 MP: 6/6
  4217 | D:4      | Found a staircase to the Ecumenical Temple.
  4224 | Temple   | Entered the Ecumenical Temple
  5379 | D:5      | Entered Level 5 of the Dungeon
  5551 | D:5      | Found Yluzucoova's Magic Scroll Boutique.
  5577 | D:5      | Bought a scroll of identify for 26 gold pieces
  5583 | D:5      | Bought a scroll of identify for 26 gold pieces
  5583 | D:5      | Bought a scroll of fog for 26 gold pieces
  5583 | D:5      | Bought a scroll of fear for 45 gold pieces
  5618 | D:5      | Identified a scroll of acquirement
  5619 | D:5      | Acquired the +10 morningstar "Eos" {elec, Halo rElec}
  5619 | D:5      | Found the +10 morningstar "Eos" {elec, Halo rElec}
  5982 | D:6      | Found a sand-covered staircase.
  5987 | Ossuary  | Entered an ossuary
  6651 | D:6      | Reached XP level 7. HP: 54/62 MP: 7/7
  7370 | D:6      | Reached XP level 8. HP: 69/71 MP: 8/8
  7570 | D:6      | Found a radiant altar of Vehumet.
  7570 | D:6      | Found a sparkling altar of Nemelex Xobeh.
  7786 | D:7      | Found a runed translucent door.
  7789 | D:7      | Found Qaufenia's Weapon Boutique.
  7876 | D:7      | Noticed Joseph
  7918 | D:7      | Killed Joseph
  8301 | D:7      | Noticed Menkaure
  8304 | D:7      | Killed Menkaure
  8305 | D:7      | Reached skill level 5 in Throwing
  8388 | D:7      | Reached XP level 9. HP: 81/81 MP: 9/9
  8842 | D:8      | Got the Collected Works on Virous Moulding
  8924 | D:8      | Noticed a two-headed ogre
  8961 | D:8      | Killed a two-headed ogre
  8962 | D:8      | Reached skill level 5 in Armour
  8969 | D:8      | Reached skill level 5 in Dodging
  9027 | D:8      | Found a glowing golden altar of the Shining One.
  9172 | D:8      | Found a flagged portal.
  9192 | Bailey   | Entered a bailey
  9545 | Bailey   | Noticed an orc knight
  9869 | Bailey   | Noticed an orc knight
  9874 | Bailey   | HP: 3/82 [orc knight (39)]
 10522 | D:8      | Reached XP level 10. HP: 91/91 MP: 10/10
 10598 | D:8      | Identified the +3 leather armour of Iliomes {rPois rC- rN+
                  | Str+8}
 11603 | D:9      | Found a staircase to the Orcish Mines.
 11683 | D:9      | Noticed a two-headed ogre
 11692 | D:9      | Killed a two-headed ogre
 11829 | D:9      | Found a large runed translucent door.
 11830 | D:9      | Found a large runed translucent door.
 11832 | D:9      | Noticed blank1's ghost (journeyman MiFi)
 11857 | D:9      | Killed blank1's ghost
 11863 | D:9      | Identified the +1 ring mail "Bofinauwk" {Dex+5}
 12166 | D:9      | Found an ancient bone altar of Kikubaaqudgha.
 12172 | D:9      | Found an opulent altar of Gozag.
 12175 | D:9      | Found a burning altar of Makhleb.
 12175 | D:9      | Found a white marble altar of Elyvilon.
 12187 | D:9      | Found a hazy altar of Hepliaklqana.
 12275 | D:10     | Entered Level 10 of the Dungeon
 12753 | D:10     | Reached skill level 10 in Fighting
 12757 | D:10     | Reached skill level 10 in Maces & Flails
 12911 | D:10     | Found a staircase to the Lair.
 13596 | D:11     | Reached XP level 11. HP: 94/100 MP: 11/11
 13739 | D:11     | Noticed a boulder beetle
 13748 | D:11     | Killed a boulder beetle
 14380 | Orc:1    | Entered Level 1 of the Orcish Mines
 14574 | Orc:1    | Noticed an orc sorcerer
 14578 | Orc:1    | Paralysed by an orc sorcerer for 6 turns
 14594 | Orc:1    | Killed an orc sorcerer
 14672 | Orc:1    | Noticed a two-headed ogre
 14685 | Orc:1    | Killed a two-headed ogre
 14726 | Orc:2    | Entered Level 2 of the Orcish Mines
 14726 | Orc:2    | Found a staircase to the Elven Halls.
 14765 | Orc:2    | Noticed an orc sorcerer
 14765 | Orc:2    | Noticed an orc sorcerer
 14766 | Orc:2    | Noticed an orc sorcerer
 14907 | Orc:2    | Paralysed by an orc sorcerer for 2 turns
 15536 | Orc:2    | Noticed an orc high priest
 15537 | Orc:2    | Noticed a sixfirhy
 15538 | Orc:2    | Noticed a sixfirhy
 15814 | Lair:1   | Entered Level 1 of the Lair of Beasts
 17148 | Lair:2   | Reached skill level 1 in Evocations
 17182 | Lair:2   | Noticed a four-headed hydra
 17190 | Lair:2   | Killed a four-headed hydra
 17191 | Lair:2   | Reached XP level 12. HP: 110/110 MP: 12/12
 17731 | Lair:2   | Found a staircase to the Shoals.
 18336 | Lair:3   | Noticed an eight-headed hydra
 18934 | Lair:2   | Found a staircase to the Shoals.
 19088 | Lair:2   | Killed an eight-headed hydra
 19802 | Lair:4   | Reached skill level 5 in Evocations
 19815 | Lair:4   | Noticed a seven-headed hydra
 19824 | Lair:4   | Killed a seven-headed hydra
 19941 | Lair:4   | Noticed a six-headed hydra
 20000 | Lair:4   | Noticed a seven-headed hydra
 20011 | Lair:4   | Killed a seven-headed hydra
 20733 | Lair:4   | Found a hole to the Spider Nest.
 20791 | Lair:4   | Killed a six-headed hydra
 21704 | Lair:5   | Reached XP level 13. HP: 116/116 MP: 13/13
 22063 | Lair:5   | Noticed Josephine
 22067 | Lair:5   | Found a runed translucent door.
 22067 | Lair:5   | Found a viscous altar of Jiyva.
 22075 | Lair:5   | Found a staircase to the Slime Pits.
 22111 | Lair:4   | Reached skill level 10 in Evocations
 22484 | Lair:5   | Reached skill level 10 in Throwing
 22843 | Lair:6   | Entered Level 6 of the Lair of Beasts
 23122 | Lair:6   | Reached skill level 5 in Shields
 23129 | Lair:6   | Found a one-way gate to the infinite horrors of the Abyss.
 23129 | Lair:6   | Noticed crazypyro's ghost (journeyman MiFi)
 24156 | Lair:6   | Found a transporter.
 25824 | Lair:6   | Found a transporter.
 27368 | D:12     | Reached XP level 14. HP: 124/127 MP: 14/14
 29725 | D:14     | Noticed Urug
 29725 | D:14     | Found a gate to the Vaults.
 31280 | Orc:2    | Found Toetapp's Magic Scroll Emporium.
 31286 | Orc:2    | Bought a scroll of identify for 26 gold pieces
 31286 | Orc:2    | Bought a scroll of identify for 26 gold pieces
 31286 | Orc:2    | Bought a scroll of identify for 26 gold pieces
 31286 | Orc:2    | Bought a scroll of identify for 26 gold pieces
 31286 | Orc:2    | Bought a scroll of magic mapping for 45 gold pieces
 31738 | Orc:2    | Found Cocwek's Book Boutique.
 31863 | Orc:2    | Noticed an orc warlord
 31903 | Orc:2    | Killed an orc warlord
 32069 | Orc:2    | Found Zipyeh's Antique Weapon Shoppe.
 32074 | Orc:2    | Found Vymema's Antique Armour Emporium.
 32215 | Orc:2    | Bought a pair of translucent gloves for 285 gold pieces
 32215 | Orc:2    | Identified the +2 pair of gloves of the Blacksmith {Harm
                  | rPois rCorr} (You bought it in a shop on level 2 of the
                  | Orcish Mines)
 32574 | D:14     | Noticed Azrael
 32658 | D:13     | Killed Azrael
 32776 | D:14     | Noticed Agnes
 32783 | D:14     | Killed Agnes
 32845 | D:14     | Found an ancient bone altar of Kikubaaqudgha.
 32877 | D:13     | HP: 4/130 [white ugly thing (12)]
 32877 | D:13     | Annihilated by a white ugly thing

Illustrated notes

Levels and vault maps discovered:
D:1:      lightli_arrival_maybe_door_vault, layout_basic
D:2:      layout_basic, serial_park_tiny_1
D:3:      layout_loops_cross, dreamdust_ecumenical_altar_sealed_demon
D:4:      layout_loops_corners, minmay_temple_entry_arrows, minmay_ruined_shrine
D:5:      layout_rooms, serial_shops, nicolae_shop_stone, chequers_avenue
D:6:      layout_loops_corners, nicolae_overflow_hidden_temple, enter_ossuary_5,
          lightli_orcish_oven
D:7:      layout_rooms, serial_shops, nicolae_shop_bloodbath_and_beyond,
          lightli_church_of_beogh, uniq_joseph, uniq_menkaure
D:8:      layout_loops_ring, mainiacjoe_overflow_six_doors_small, enter_bailey_2
D:9:      layout_basic, nicolae_overflow_hallway_of_the_gods, orc_0_dummy,
          ebering_ghost_disaster_area
D:10:     layout_stronghold, due_lair_maze_entry_diamond, serial_glass,
          glass_columns_c, glass_columns_a
D:11:     layout_roguey
D:12:     layout_loops_corners
D:13:     layout_loops_cross
D:14:     layout_roguey, david_vaults_3, doesnt_xom_only_xom, special_room
          [special_room_orc], kennysheep_island_fort, uniq_agnes, uniq_azrael
Temple:   nicolae_temple_figure_eight
Lair:1:   layout_cave_pods
Lair:2:   layout_long_grid, elwin_shoals_entry_rooms
Lair:3:   layout_roguey
Lair:4:   layout_gridlike, nicolae_spider_entry_tight_spaces,
          gauntlet_entry_generic, beast_lair_carwin_4
Lair:5:   layout_hall_layers, slime_altar_2, uniq_josephine
Lair:6:   minmay_lair_end_enchanted_forest, layout_cave_pods,
          gammafunk_ghost_abyssal_escape, serial_bayou_lake_a
Orc:1:    layout_diamond_mine
Orc:2:    grunt_orc_community_town_hall, layout_caves,
          grunt_orc_community_big_house_2, grunt_orc_community_big_house_2,
          grunt_orc_community_house_3, grunt_orc_community_house_1,
          grunt_orc_community_house_3, grunt_orc_community_house_1,
          grunt_orc_community_house_2

Skill      XL: |  1  2  3  4  5  6  7  8  9 10 11 12 13 14 |
---------------+-------------------------------------------+-----
Armour         | 1 2 4 6 8 9 |  9.5
Dodging        | 1 2 4 5 7 8 |  8.6
Fighting       | 4 5 6 7 9 10 11 12 13 | 13.9
Maces & Flails | 4 5 6 7 9 10 11 12 13 | 13.8
Shields        | 1 2 3 4 7 9 |  9.1
Throwing       | 1 2 3 5 6 7 9 11 | 11.8
Evocations     | 2 9 10 | 10.0
Short Blades   | |  0.5
Spellcasting   | |  1.0
Fire Magic     | |  2.1

Action                   |  1- 3 |  4- 6 |  7- 9 | 10-12 | 13-15 || total
-------------------------+-------+-------+-------+-------+-------++-------
Melee: Mace              |    66 |   115 |       |       |       ||   181
       Headbutt          |     7 |    18 |    31 |    92 |   130 ||   278
       Punch             |     1 |     1 |       |       |       ||     2
       Morningstar       |       |    73 |   189 |   390 |   605 ||  1257
       Dagger            |       |     3 |       |       |       ||     3
 Fire: Hunting sling     |       |       |    18 |     7 |       ||    25
Throw: Dart              |       |       |       |     8 |    16 ||    24
       Boomerang         |       |       |       |    22 |    23 ||    45
Invok: Fiery Armour      |       |     1 |       |       |     2 ||     3
       Rising Flame      |       |       |       |       |     1 ||     1
Evoke: Wand              |       |       |       |       |     3 ||     3
  Use: Scroll            |       |    12 |     1 |     3 |     8 ||    24
       Potion            |       |       |       |       |     1 ||     1
Armor: Robe              |     7 |       |       |       |       ||     7
       Ring mail         |    19 |    65 |       |       |       ||    84
       Scale mail        |       |    26 |     9 |       |       ||    35
       Chain mail        |       |       |    21 |       |       ||    21
       Plate armour      |       |       |    62 |   249 |   301 ||   612
       Troll leather arm |       |       |       |       |    12 ||    12
Dodge: Dodged            |    43 |    71 |    63 |   133 |   164 ||   474
Block: Buckler           |       |    17 |    30 |    76 |    65 ||   188
       Kite shield       |       |       |       |       |    93 ||    93

Table legend: (Time is in decaauts)
 A = Elapsed time spent in this place.
 B = Non-inter-level travel time spent in this place.
 C = Inter-level travel time spent in this place.
 D = Time resting spent in this place.
 E = Time spent auto-exploring this place.
 F = Levels seen in this place.
 G = Mean time per level.
                   A        B        C        D        E       F      G
               +--------+--------+--------+--------+--------+-----+--------+
         Total |  33107 |  30267 |   2840 |   7100 |  15794 |  25 | 1324.3 |
       Dungeon |  17478 |  15606 |   1872 |   2865 |   9594 |  14 | 1248.4 |
        Temple |    218 |    207 |     11 |      0 |    203 |   1 |  218.0 |
          Lair |  10920 |  10197 |    723 |   2415 |   5524 |   6 | 1820.0 |
  Orcish Mines |   3242 |   3009 |    233 |   1267 |    473 |   2 | 1621.0 |
       Ossuary |    543 |    543 |      0 |    121 |      0 |   1 |  543.0 |
        Bailey |    704 |    704 |      0 |    432 |      0 |   1 |  704.0 |
               +--------+--------+--------+--------+--------+-----+--------+

Top non-repeatable levels by time:
  Lair:6: 2587 daAuts
  Lair:4: 2204 daAuts
  Lair:2: 1881 daAuts
  Lair:5: 1848 daAuts
     D:9: 1804 daAuts
     D:8: 1725 daAuts
   Orc:1: 1671 daAuts
    D:13: 1601 daAuts
   Orc:2: 1570 daAuts
     D:2: 1564 daAuts
     D:4: 1514 daAuts
    D:12: 1471 daAuts
    D:10: 1380 daAuts
  Lair:1: 1269 daAuts
     D:6: 1240 daAuts
